 Dungeon Crawl Stone Soup version 0.28.0-53-g5a82cb258f (webtiles) character file.

Game seed: 16295422169896984072

128 Peloso the Skirmisher (level 4, -2/41 HPs)
             Began as a Minotaur Fighter on July 29, 2022.
             Slain by Pikel
             ... wielding a +1 whip of freezing
              (4 damage)
             ... on level 3 of the Dungeon.
             The game lasted 00:03:50 (2843 turns).

Peloso the Skirmisher (Minotaur Fighter)            Turns: 2843, Time: 00:03:51

Health: -2/41      AC:  8    Str: 20    XL:     4   Next: 87%
Magic:  3/3        EV:  9    Int:  5    God:
Gold:   131        SH:  5    Dex: 12    Spells: 3/3 levels left

rFire   . . .      SeeInvis .   a - +0 long sword (venom)
rCold   . . .      Faith    .   c - +0 buckler
rNeg    . . .      Spirit   .   b - +0 scale mail
rPois   .          Reflect  .   (helmet restricted)
rElec   .          Harm     .   (no cloak)
rCorr   .          Rampage  .   i - +0 pair of gloves
Will    .....                   (no boots)
Stlth   ..........              (no amulet)
HPRegen 0.13/turn               (no ring)
MPRegen 0.08/turn               (no ring)

@: no status effects
A: horns 2, retaliatory headbutt
a: no special abilities


You were on level 3 of the Dungeon.
You visited 1 branch of the dungeon, and saw 4 of its levels.

You collected 131 gold pieces.

Inventory:

Hand Weapons
 a - a +0 long sword of venom (weapon)
Armour
 b - a +0 scale mail (worn)
 c - a +0 buckler (worn)
 i - a +0 pair of gloves (worn)
Scrolls
 k - 2 scrolls of acquirement
 l - 2 scrolls of fog
 m - a scroll of enchant weapon {unknown}
 n - a scroll of magic mapping {unknown}
 o - a scroll of immolation {unknown}
Potions
 d - a potion of might
 e - 2 potions of degeneration {unknown}
 f - a potion of heal wounds {unknown}
 g - a potion of curing {unknown}
 h - a potion of ambrosia {unknown}
 j - a potion of lignification {unknown}


   Skills:
 + Level 4.6 Fighting
 + Level 3.7 Long Blades
 + Level 4.4 Armour
 + Level 0.9 Dodging
 + Level 4.4 Shields


You had 3 spell levels left.
You didn't know any spells.
Your spell library contained the following spells:

 Spells                   Type           Power      Damage    Failure   Level
 Beastly Appendage        Tmut           0%         N/A       88%         1
 Wereblood                Tmut           0%         N/A       96%         2
 Spider Form              Tmut/Pois      0%         N/A       99%         3


Dungeon Overview and Level Annotations

Branches:
Dungeon (4/15)
 Temple: D:4-7

Altars:

Annotations:
D:3 Pikel


Innate Abilities, Weirdness & Mutations

You have a pair of horns on your head.
You reflexively headbutt those who attack you in melee.


Message History

You closely miss Pikel. You block Pikel's attack.
You miss Pikel.
Pikel hits you with a +1 whip of freezing.
Pikel freezes you. Pikel barely misses you.
You hit Pikel. Your headbutt misses Pikel.
Pikel is lightly wounded.
Pikel hits you with a +1 whip of freezing.
Pikel freezes you.
You hit Pikel but do no damage.
Pikel is poisoned.
Your headbutt misses Pikel.
Pikel is lightly wounded.
Pikel hits you with a +1 whip of freezing!
Pikel freezes you.
You closely miss Pikel.
Pikel is lightly wounded.
Pikel hits you with a +1 whip of freezing.
Pikel freezes you.
* * * LOW HITPOINT WARNING * * *
You hit Pikel.
Pikel looks as sick as possible!
Your headbutt misses Pikel.
Pikel is moderately wounded.
Pikel hits you but does no damage. Pikel barely misses you.
You furiously retaliate!
You headbutt Pikel, but do no damage. You barely miss Pikel.
Your headbutt misses Pikel.
Pikel is moderately wounded.
Pikel hits you with a +1 whip of freezing.
* * * LOW HITPOINT WARNING * * *
Pikel freezes you.
* * * LOW HITPOINT WARNING * * *
You hit Pikel but do no damage.
Pikel looks as sick as possible!
Your headbutt misses Pikel.
Pikel is moderately wounded.
You block Pikel's attack.
You hit Pikel.
Pikel is heavily wounded.
Pikel hits you with a +1 whip of freezing.
* * * LOW HITPOINT WARNING * * *
Pikel freezes you.
* * * LOW HITPOINT WARNING * * *
Unknown command.
Pikel hits you with a +1 whip of freezing.
You die...

#....# #..# #.# #.# #########
#..###.# #.# #.......# #...##.#
#.# #.......# #...##.# #.#
#.......# #....#.# #.# #.......#
#..#.#.# #.# #.......####..#.#.#
#.# ..............#...# #.#
#.######.####.##@.# ###.### #.#
#.# #.##.K####<#...#
#.######.####.##.>.......#.##
#.#...........########.#.#..#####
#.#.####.##########.............#
#.#.# #...).....##.###†.##.###.#
#.#.# #########.##.# #..##.#...#
#.#.########## #.##.# #..##.#.#..
#.#..........# #.##.###..##.....#


You could see Pikel (extremely poisoned).

Vanquished Creatures
  2 adders
  3 gnolls (D:3)
  An ufetubus (D:3)
  5 worms (D:2)
  2 dart slugs (D:1)
  4 endoplasms
  7 giant cockroaches
  4 goblins
  4 hobgoblins
  2 jackals (D:2)
  5 kobolds
  A quokka (D:3)
  2 ball pythons
  8 bats
  3 frilled lizards
  7 rats
60 creatures vanquished.

Notes
Turn   | Place    | Note
-------+----------+-------------------------------------------
     0 | D:1      | Peloso the Minotaur Fighter began the quest for the Orb.
     0 | D:1      | Reached XP level 1. HP: 19/19 MP: 0/0
   342 | D:1      | Reached XP level 2. HP: 27/27 MP: 1/1
  1080 | D:2      | Reached XP level 3. HP: 29/33 MP: 2/2
  1175 | D:2      | Found a faded altar of an unknown god.
  1919 | D:3      | Reached XP level 4. HP: 41/41 MP: 3/3
  2073 | D:3      | Identified 2 scrolls of acquirement
  2719 | D:4      | Noticed Pikel
  2719 | D:4      | Noticed a lemure
  2719 | D:4      | Noticed a lemure
  2719 | D:4      | Noticed a lemure
  2719 | D:4      | Noticed a lemure
  2841 | D:3      | HP: 2/41 [Pikel/+1 whip of freezing (2)]
  2843 | D:3      | Slain by Pikel

Illustrated notes

Levels and vault maps discovered:
D:1:      co_arrival_square_in_a_square_in_a_square, layout_rooms,
          serial_co_window_serial, co_window_paths_a, co_window_cross_1,
          co_window_paths_a, co_window_corner_a, co_window_paths_b,
          co_window_paths_a, co_window_corner_a, co_window_broadway_b,
          co_window_paths_c, co_window_corner_ca, co_window_of_opportunity_c,
          co_window_4corner_a, glass_columns_a, glass_columns_a,
          glass_columns_c, glass_columns_a, glass_columns_a,
          minmay_worlds_worst_comb
D:2:      layout_loops_cross, ebering_ecumenical_altar_abandoned,
          feat_on_display
D:3:      layout_basic, chequers_decorated_corner, kennysheep_nub
D:4:      layout_basic, minmay_temple_entry_junction, grunt_ministairs_3,
          uniq_duvessa, uniq_pikel

Skill      XL: |  1  2  3 |
---------------+----------+-----
Fighting       | 4 |  4.6
Armour         | 4 |  4.4
Shields        | 4 |  4.4
Long Blades    | 3 |  3.7
Dodging        | |  0.9

Action                   |  1- 3 |  4- 6 || total
-------------------------+-------+-------++-------
Melee: Long sword        |    91 |    31 ||   122
       Headbutt          |    10 |     4 ||    14
  Use: Scroll            |     3 |     1 ||     4
Armor: Scale mail        |    53 |    10 ||    63
Dodge: Dodged            |    40 |    15 ||    55
Block: Buckler           |    39 |     7 ||    46
